 Dungeon Crawl Stone Soup version 0.30.1-9-gdf580d7c3d (webtiles) character file.

Game seed: 7502991857196967803

69821 growler the Stormcaller (level 15, -1/92 HPs)
             Began as a Tengu Air Elementalist on Oct 11, 2023.
             Was a High Priest of Hepliaklqana.
             Constricted to death by Jorgrun (15 damage)
             ... on level 13 of the Dungeon.
             The game lasted 01:53:16 (31537 turns).

growler the Stormcaller (Tengu Air Elementalist)   Turns: 31537, Time: 01:53:18

Health: -1/92      AC: 14    Str:  9    XL:     15   Next: 31%
Magic:  25/25      EV: 16    Int: 21    God:    Hepliaklqana [*****.]
Gold:   2330       SH:  6    Dex: 16    Spells: 16/26 levels left

rFire   . . .        z - +2 dagger (venom)
rCold   . . .        y - +0 buckler
rNeg    . . .        X - +2 robe {Archmagi}
rPois   .            (helmet restricted)
rElec   .            l - +0 cloak
rCorr   .            S - +0 pair of gloves
SInv    .            (boots unavailable)
Will    +....        t - amulet of regeneration
Stlth   ++           w - +4 ring of protection
HPRegen 1.15/turn    I - +4 ring of protection
MPRegen 0.19/turn

%: archmagi
@: sluggish, grasped by roots, flying quickly and evasively, slowed,
constricted, very slow
A: reduced essence, beak, talons 3, nimble flight
a: Renounce Religion, Recall Ancestor, Ancestor Identity, Transference, Idealise


You were on level 13 of the Dungeon.
You worshipped Hepliaklqana.
Hepliaklqana was extremely pleased with you.
You visited 4 branches of the dungeon, and saw 21 of its levels.
You also visited: Sewer.

You collected 2396 gold pieces.
You spent 66 gold pieces at shops.

Inventory:

Hand Weapons
 j - a +1 rapier of freezing
 s - a +4 vampiric dagger
 z - a +2 dagger of venom (weapon)
Armour
 l - a +0 cloak (worn)
 y - a +0 buckler (worn)
 S - a +0 pair of gloves (worn)
 X - a +2 robe of the Archmagi (worn)
Magical Staves
 m - a staff of air
Jewellery
 c - a ring of resist corrosion
 t - an amulet of regeneration (around neck)
 w - a +4 ring of protection (left hand)
 I - a +4 ring of protection (right hand)
 M - an amulet of guardian spirit
 R - a ring of wizardry
Wands
 r - a wand of paralysis (25)
 B - a wand of polymorph (14)
 E - a wand of flame (43)
 J - a wand of roots (9)
 O - a wand of digging (8)
 P - a wand of light (3)
Scrolls
 a - a scroll of torment
 d - a scroll of silence {unknown}
 h - 9 scrolls of teleportation
 n - 2 scrolls of blinking
 p - a scroll of brand weapon
 u - 2 scrolls of fear {unknown}
 v - 3 scrolls of magic mapping
 x - 3 scrolls of enchant weapon
 A - a scroll of immolation {unknown}
 C - 9 scrolls of vulnerability
 F - 5 scrolls of amnesia
 G - a scroll of fog {unknown}
 K - a scroll of summoning {unknown}
 N - a scroll of poison {unknown}
 V - a scroll of noise {unknown}
 W - a scroll of enchant armour {unknown}
Potions
 b - 2 potions of magic
 e - 4 potions of brilliance
 f - 6 potions of lignification
 g - 3 potions of mutation
 i - 2 potions of haste
 k - a potion of might
 o - 6 potions of curing
 q - 3 potions of resistance
 D - 2 potions of flight
 H - 5 potions of berserk rage {unknown}
 L - 3 potions of attraction {unknown}
 Q - 2 potions of heal wounds
 U - a potion of cancellation


   Skills:
 + Level 15.1 Fighting
 - Level 10.0 Short Blades
 + Level 8.8 Dodging
 - Level 2.1 Stealth
 - Level 7.0 Shields
 - Level 6.0 Spellcasting
 - Level 6.0 Conjurations
 + Level 20.3 Air Magic


You had 16 spell levels left.
You knew the following spells:

 Your Spells              Type           Power      Damage    Failure   Level
a - Shock                 Conj/Air       100%       1d9       1%          1
b - Static Discharge      Conj/Air       100%       2-7/arc   1%          2
c - Swiftness             Air            95%        N/A       0%          3
d - Airstrike             Air            47%        2d(7-23)  1%          4

Your spell library contained the following spells:

 Spells                   Type           Power      Damage    Failure   Level
 Cigotuvi's Dreadful Rot  Necr/Pois/Air  100%       N/A       1%          2
 Apportation              Tloc           18%        N/A       13%         1
 Necrotise                Necr           36%        1d5       13%         1
 Summon Small Mammal      Summ           36%        N/A       13%         1
 Blink                    Tloc           18%        N/A       21%         2
 Sublimation of Blood     Necr           9%         N/A       21%         2
 Wereblood                Tmut           9%         N/A       21%         2
 Vampiric Draining        Necr           9%         2d6       36%         3
 Irradiate                Conj/Tmut      14%        3d16      71%         5
 Animate Armour           Summ/Erth      18%        N/A       78%         4
 Dispel Undead            Necr           9%         3d8       78%         4
 Manifold Assault         Tloc           9%         N/A       78%         4
 Petrify                  Tmut/Erth      9%         N/A       78%         4
 Storm Form               Tmut/Air       32%        N/A       87%         7
 Agony                    Necr           9%         N/A       98%         5
 Blade Hands              Tmut           4%         N/A       98%         5
 Metabolic Englaciation   Hex/Ice        4%         N/A       98%         5
 Iron Shot                Conj/Erth      14%        9d4       99%         6
 Death Channel            Necr           4%         N/A       100%        6
 Statue Form              Tmut/Erth      6%         N/A       100%        6
 Summon Hydra             Summ           4%         N/A       100%        7


Dungeon Overview and Level Annotations

Branches:
Dungeon (13/15)            Temple (1/1) D:6            Lair (5/5) D:11
 Shoals (0/4) Lair:3       Spider (0/4) Lair:2        Slime (0/5) Lair:4
    Orc (2/2) D:9             Elf (0/3) Orc:2         Sewer (visited)
 Vaults: D:13-14

Altars:
Ashenzari
Cheibriados
Dithmenos
Elyvilon
Fedhas
Gozag
Hepliaklqana
Kikubaaqudgha
Makhleb
Nemelex Xobeh
Okawaru
Qazlal
Ru
Sif Muna
Trog
Uskayaw
Vehumet
Wu Jian
Xom
Yredelemnul
Zin
The Shining One
Lugonu

Shops:
Orc:1 (   Orc:2 ![**

Portals:
Abyss: Lair:5

Annotations:
D:13 Jorgrun
Lair:1 1 runed translucent door, QueensGambit's ghost, novice GrBe
Orc:1 2 transporters, mkat's ghost, journeyman SpSu
Orc:2 2 transporters, CraigForest's ghost, journeyman TrFi


Innate Abilities, Weirdness & Mutations

Your life essence is reduced to manifest your ancestor. (-10% HP)
You have a beak for a mouth.
You have claws for feet.
Your magical nature lets you fly swiftly and evasively.


Message History

As you read the scroll of blinking, it crumbles to dust.
You start to feel a little slower.
Jorgrun casts a spell at you.
Roots burst forth from the earth!
The grasping roots grab you! The grasping roots constrict you.
You escape the roots grasp.
Reggie B. emerges from the mists of memory!
Something closely misses Reggie B..
Something pecks Reggie B.!
Something claws Reggie B..
Reggie B. points at the tengu warrior and mumbles some strange words.
The tengu warrior appears confused.
You hear a grinding noise.
The tengu warrior hits Reggie B. with a +0 long sword.
The tengu warrior pecks Reggie B..
The tengu warrior claws Reggie B..
Reggie B. hits the tengu warrior with a +0 dagger of draining.
Reggie B. drains the tengu warrior.
You hear a grinding noise.
You feel sluggish.
The tengu warrior hits Reggie B. but does no damage.
The tengu warrior barely misses Reggie B..
The tengu warrior claws Reggie B. but does no damage.
Reggie B. casts a spell at the tengu warrior.
The tengu warrior resists with some effort.
Reggie B. gestures at the tengu warrior while chanting.
The tengu warrior resists with some effort.
Jorgrun points at the rock wall and mumbles some strange words.
You hear a grinding noise.
Reggie B. hits the tengu warrior but does no damage.
Jorgrun casts a spell next to you.
The wall shatters!
The blast of rock fragments hits you but does no damage.
Jorgrun says, "I've ne'er se'n tha particular type o' rock formation 'fore."
Jorgrun casts a spell at you.
Roots burst forth from the earth!
The grasping roots grab you! The grasping roots constrict you!
* * * LOW HITPOINT WARNING * * *
The grasping roots constrict you!
You die...

#### ##...## ##.....##
#.......# ### #
#........# ...
#..####.#.......# #.##
#.....@........##
#...###...#...<.......#
####..........###.......#
........#..g### #.......#
#######.#R.### ##.....##
#Q.....# ##...## #......#
##### # #......# ..
#.....[#


You could see the friendly Reggie B. the hexer, Jorgrun and a tengu warrior
(confused, drained, ally target).

Vanquished Creatures
  Josephine (Lair:5)
  3 hydras
  A boulder beetle (Lair:4)
  Erica (D:9)
  A tengu warrior (D:13)
  5 two-headed ogres
  3 death yaks
  2 orc high priests (Orc:2)
  A thrashing horror (Lair:5)
  Sonja (Lair:4)
  Amaemon (Lair:1)
  A skyshark (Lair:5)
  A pharaoh ant (Lair:2)
  3 orc knights (Orc:2)
  Pikel (D:9)
  7 orc sorcerers
  2 manticores
  A cyclops (Orc:1)
  3 ugly things (Lair:5)
  Maurice (D:8)
  2 black mambas
  A guardian serpent (shapeshifter) (D:12)
  18 elephants
  An orange demon (Lair:1)
  4 cane toads
  2 unseen horrors (D:12)
  Maggie (D:8)
  7 komodo dragons
  3 rime drakes
  A tengu conjurer (D:13)
  An ancient zyme (Lair:5)
  A troll (D:10)
  A hornet (D:9)
  3 polar bears
  A tarantella (Lair:2)
  19 blink frogs
  A wind drake (Lair:3)
  A jumping spider (Lair:2)
  A spriggan (Lair:5)
  A water elemental (D:12)
  7 wyverns
  Eustachio (D:5)
  A vampire (D:12)
  2 ynoxinuls (Lair:5)
  23 yaks
  7 wraiths
  A basilisk (Lair:5)
  5 steam dragons
  2 chaos spawn (Lair:5)
  9 vampire mosquitoes
  4 wargs
  10 small abominations (Lair:5)
  9 water moccasins
  22 orc warriors
  An ice beast (D:6)
  2 black bears
  11 wolves
  A centaur (D:7)
  5 ogres
  10 bullfrogs
  2 phantoms
  2 kobold brigands
  3 gnoll sergeants
  2 scorpions
  A scorpion (shapeshifter) (Lair:5)
  10 wights
  10 killer bees
  13 electric eels
  2 howler monkeys (D:10)
  A hexer (Lair:1)
  3 gnoll boudas
  11 jellies
  20 orc priests
  Crazy Yiuf (D:2)
  4 hounds
  Ijyb (D:4)
  Terence (D:3)
  5 hell rats (Lair:5)
  Natasha (twice) (D:3)
  4 iguanas
  15 orc wizards
  22 gnolls
  19 adders
  2 shadow imps
  A white imp (D:6)
  3 ufetubi
  3 worms
  3 dart slugs
  58 orcs
  11 endoplasms
  21 giant cockroaches
  4 goblins
  2 hobgoblins
  4 jackals (D:5)
  14 quokkas
  12 ball pythons
  5 bats
  10 frilled lizards
  17 kobolds
  3 rats
570 creatures vanquished.

Vanquished Creatures (collateral kills)
  A boulder beetle (D:12)
  An orc high priest (Orc:2)
  2 thrashing horrors (Lair:5)
  A skyshark (Lair:2)
  A lindwurm (Lair:2)
  An ugly thing (Lair:5)
  An orc knight (Orc:2)
  A cyclops (D:12)
  8 elephants
  A cane toad (Lair:3)
  A rime drake (Lair:2)
  A komodo dragon (Lair:1)
  An ancient zyme (Lair:5)
  A troll (Orc:2)
  6 blink frogs
  A jumping spider (Lair:2)
  8 yaks
  A basilisk (Lair:5)
  A vampire mosquito (D:12)
  A chaos spawn (Lair:5)
  A warg (Orc:2)
  2 water moccasins
  5 orc warriors
  An ogre (Orc:1)
  5 wolves (Lair:5)
  2 lemures (D:8)
  A kobold brigand (D:8)
  2 bullfrogs
  A wight (D:9)
  A killer bee (D:11)
  4 orc priests
  A jelly (Lair:4)
  6 orc wizards
  5 orcs
77 creatures vanquished.

Vanquished Creatures (others)
  5 ancestors (D:9)
  17 hexers
22 creatures vanquished.

Grand Total: 669 creatures vanquished

Notes
Turn   | Place    | Note
-------+----------+-------------------------------------------
     0 | D:1      | growler the Tengu Air Elementalist began the quest for the
                  | Orb.
     0 | D:1      | Reached XP level 1. HP: 10/10 MP: 4/4
   460 | D:1      | Reached XP level 2. HP: 15/15 MP: 3/6
   463 | D:1      | Learned a level 2 spell: Static Discharge
  1284 | D:2      | Reached XP level 3. HP: 15/19 MP: 1/7
  1342 | D:2      | Learned a level 3 spell: Swiftness
  2169 | D:2      | Found a runed translucent door.
  2170 | D:2      | Noticed Crazy Yiuf
  2325 | D:2      | Killed Crazy Yiuf
  2326 | D:2      | Reached skill level 5 in Air Magic
  2326 | D:2      | Reached XP level 4. HP: 24/24 MP: 3/9
  2586 | D:3      | Found a glowing drain.
  2591 | Sewer    | Entered a sewer
  2827 | Sewer    | Gained mutation: Your magical nature lets you fly swiftly
                  | and evasively. [Tengu growth]
  2827 | Sewer    | Reached XP level 5. HP: 28/28 MP: 8/10
  2834 | Sewer    | Learned a level 4 spell: Airstrike
  3473 | Sewer    | Reached skill level 6 in Air Magic
  3473 | Sewer    | Reached XP level 6. HP: 13/32 MP: 5/12
  3722 | D:3      | Noticed Natasha
  3723 | D:3      | Killed Natasha
  3727 | D:3      | Reached skill level 5 in Conjurations
  4091 | D:3      | Noticed Terence
  4094 | D:3      | Killed Terence
  4095 | D:3      | Reached XP level 7. HP: 36/36 MP: 4/14
  4346 | D:3      | Noticed Natasha
  4348 | D:3      | Killed Natasha
  4579 | D:4      | Reached skill level 7 in Air Magic
  4769 | D:4      | Found an iron altar of Okawaru.
  4799 | D:4      | Noticed Ijyb
  4802 | D:4      | Killed Ijyb
  5031 | D:4      | Reached skill level 1 in Fighting
  5819 | D:5      | Entered Level 5 of the Dungeon
  5901 | D:5      | Found a glowing silver altar of Zin.
  5901 | D:5      | Noticed an angel
  6041 | D:5      | Reached skill level 5 in Spellcasting
  6041 | D:5      | Reached XP level 8. HP: 23/44 MP: 9/16
  6174 | D:5      | Noticed Eustachio
  6192 | D:5      | Killed Eustachio
  6193 | D:5      | Reached skill level 8 in Air Magic
  6602 | D:5      | Found a stormy altar of Qazlal.
  7176 | D:6      | Found a staircase to the Ecumenical Temple.
  7184 | Temple   | Entered the Ecumenical Temple
  7354 | D:6      | Reached skill level 9 in Air Magic
  7531 | D:6      | Reached XP level 9. HP: 52/52 MP: 14/19
  7613 | D:6      | Reached skill level 1 in Shields
  7795 | D:6      | Found an opulent altar of Gozag.
  7869 | D:6      | Reached skill level 5 in Fighting
  7970 | D:6      | Found the +5 robe of Misfortune {Harm *Corrode *Slow EV+5}
  7996 | D:6      | Reached skill level 10 in Air Magic
  8701 | D:7      | Found a hazy altar of Hepliaklqana.
  8710 | D:7      | Became a worshipper of Hepliaklqana the Forgotten
  8729 | D:7      | Found a sparkling altar of Nemelex Xobeh.
  9078 | D:7      | You are sucked into a shaft and drop 1 floor!
  9082 | D:8      | Noticed Maggie
  9108 | D:8      | Found a shimmering altar of Xom.
  9141 | D:7      | Reached skill level 11 in Air Magic
  9558 | D:7      | Found Sokiss's Assorted Antiques.
  9570 | D:7      | Reached XP level 10. HP: 61/61 MP: 12/20
  9812 | D:8      | Noticed Maurice
 10069 | D:8      | Reached skill level 5 in Shields
 10357 | D:8      | Killed Maurice
 10464 | D:8      | Reached skill level 12 in Air Magic
 10694 | D:8      | Killed Maggie
 10736 | D:8      | Reached * piety under Hepliaklqana
 10783 | D:8      | Found an ornate altar of the Wu Jian Council.
 11429 | D:9      | Found a broken altar of Ashenzari.
 11447 | D:9      | Identified the +5 spear "Itrib" {heavy, rC++ Str+2}
 11483 | D:9      | Noticed a two-headed ogre
 11502 | D:9      | Noticed a two-headed ogre
 11521 | D:9      | Noticed Pikel
 11694 | D:9      | Noticed Erica
 11706 | D:9      | Killed a two-headed ogre
 11720 | D:9      | Killed Pikel
 11721 | D:9      | Reached skill level 13 in Air Magic
 11721 | D:9      | Reached XP level 11. HP: 62/62 MP: 3/21
 11871 | D:9      | Killed a two-headed ogre
 12006 | D:9      | Found a staircase to the Orcish Mines.
 12204 | D:9      | Noticed an eight-headed hydra
 12221 | D:9      | Killed an eight-headed hydra
 12498 | D:9      | Killed Erica
 12780 | D:9      | Reached skill level 14 in Air Magic
 13006 | D:9      | Reached skill level 1 in Short Blades
 13188 | D:9      | Reached ** piety under Hepliaklqana
 13189 | D:9      | Remembered your ancestor Reggie B. as a hexer
 13549 | D:10     | Entered Level 10 of the Dungeon
 13917 | D:10     | Reached skill level 10 in Fighting
 14574 | D:11     | Noticed a two-headed ogre
 14579 | D:11     | Killed a two-headed ogre
 14751 | D:11     | Found a staircase to the Lair.
 14759 | D:11     | Reached skill level 15 in Air Magic
 15032 | D:11     | Noticed a two-headed ogre
 15035 | D:11     | Killed a two-headed ogre
 15036 | D:11     | Reached XP level 12. HP: 70/70 MP: 9/22
 15426 | D:11     | Reached *** piety under Hepliaklqana
 15523 | Lair:1   | Entered Level 1 of the Lair of Beasts
 15688 | Lair:1   | Reached skill level 5 in Short Blades
 16533 | Lair:1   | Reached skill level 16 in Air Magic
 16723 | Lair:1   | Noticed Amaemon
 16754 | Lair:1   | Reached **** piety under Hepliaklqana
 16776 | Lair:1   | Killed Amaemon
 17025 | Lair:1   | Found a runed translucent door.
 17303 | Lair:1   | Noticed QueensGambit's ghost (novice GrBe)
 17353 | Lair:1   | Found a runed translucent door.
 17605 | Lair:2   | Noticed a skyshark
 17610 | Lair:2   | Killed a skyshark
 17788 | Lair:2   | Found a hole to the Spider Nest.
 18026 | Lair:2   | Reached XP level 13. HP: 76/76 MP: 8/23
 18359 | Lair:2   | Reached skill level 17 in Air Magic
 20113 | Lair:3   | Found a staircase to the Shoals.
 20859 | Lair:4   | Noticed Sonja
 20861 | Lair:4   | Killed Sonja
 21729 | Lair:4   | Found a staircase to the Slime Pits.
 21735 | Lair:4   | Reached ***** piety under Hepliaklqana
 21848 | Lair:4   | Reached skill level 18 in Air Magic
 22179 | Lair:5   | Entered Level 5 of the Lair of Beasts
 22193 | Lair:5   | Reached skill level 10 in Short Blades
 22633 | Lair:5   | Noticed Josephine
 22652 | Lair:5   | Reached XP level 14. HP: 84/84 MP: 2/24
 22843 | Lair:5   | Killed Josephine
 24119 | Lair:5   | Reached skill level 5 in Dodging
 24862 | Lair:5   | Reached skill level 19 in Air Magic
 25180 | Lair:5   | Identified the staff of death "Momuinto" {rElec rPois rN+
                  | Str+5 Stlth-}
 26138 | Lair:5   | Found a corrupted altar of Lugonu.
 26138 | Lair:5   | Found a one-way gate to the infinite horrors of the Abyss.
 26508 | Orc:1    | Entered Level 1 of the Orcish Mines
 26508 | Orc:1    | Found a transporter.
 26516 | Orc:1    | Noticed mkat's ghost (journeyman SpSu)
 26817 | Orc:1    | Found Vutim's Weapon Shop.
 26959 | Orc:1    | Found a transporter.
 27480 | Orc:2    | Entered Level 2 of the Orcish Mines
 27480 | Orc:2    | Found a staircase to the Elven Halls.
 27872 | Orc:2    | Found a transporter.
 27895 | Orc:2    | Noticed CraigForest's ghost (journeyman TrFi)
 27897 | Orc:2    | Found a bloodstained altar of Trog.
 27897 | Orc:2    | Identified the +8 dagger of Eternal Harmony {heavy, rN++
                  | Str+4 Int+3}
 27912 | Orc:2    | Found a transporter.
 28843 | Orc:2    | Reached XP level 15. HP: 90/90 MP: 5/25
 29047 | Orc:2    | Paralysed by an orc sorcerer for 3 turns
 29401 | Orc:2    | Reached skill level 20 in Air Magic
 29501 | Orc:2    | Found Bylefakkul's Distillery.
 29506 | Orc:2    | Found Tufy's Armour Shop.
 29576 | Orc:2    | Found Magridde's Assorted Antiques.
 29578 | Orc:2    | Found Fueluep's Assorted Antiques.
 29584 | Orc:2    | Bought a coppery potion for 20 gold pieces
 29584 | Orc:2    | Bought a scroll labelled SITONUTARGH for 23 gold pieces
 29584 | Orc:2    | Bought a scroll labelled SEAGREU CANIYSK for 23 gold pieces
 30082 | D:12     | Reached skill level 15 in Fighting
 31469 | D:13     | Identified the +2 cloak of Jojaz {Rampage *Corrode MP+9}
 31519 | D:13     | Noticed Jorgrun
 31537 | D:13     | Constricted to death by Jorgrun

Illustrated notes

Levels and vault maps discovered:
D:1:      saegor_arrival_simple_c, layout_basic, minivault_27,
          dreamdust_wishing_well
D:2:      layout_rooms, minmay_misc_feat_five, nicolae_hexahallways,
          nicolae_kite_square_tiling_tiny, uniq_crazy_yiuf_cottage
D:3:      layout_loops_ring, gup_sewer_entry_bowl, uniq_terence, uniq_natasha
D:4:      layout_gridville, okawaru_trees_2, kennysheep_generic_room_12,
          uniq_ijyb
D:5:      layout_basic, zin_angel, amcnicky_altar_gilded, uniq_eustachio
D:6:      layout_basic, mainiacjoe_overflow_paths, minmay_temple_entry_tees
D:7:      layout_loops_ring, mainiacjoe_overflow_tiny_flanked,
          mainiacjoe_overflow_alcove_1, serial_shops, nicolae_shop_tiny_glass,
          hangedman_decor_points
D:8:      layout_rooms, mainiacjoe_overflow_brackets, nzn_wu_jian_council_hall,
          special_room [special_room_orc], hangedman_decor_lopped, uniq_maurice,
          uniq_maggie
D:9:      layout_long_grid, nicolae_overflow_hidden_temple, david_orc_3,
          uniq_pikel, uniq_erica
D:10:     layout_basic
D:11:     layout_roguey, erik_lair_orcish_takeover
D:12:     layout_basic
D:13:     layout_rooms, david_vaults_5, st_stairs_7, uniq_jorgrun
Temple:   nicolae_temple_god_jail
Lair:1:   layout_chaotic_city, ebering_ghost_reflecting_pool,
          infiniplex_staircase_pool, serial_bayou_shore_a, uniq_amaemon
Lair:2:   layout_cave_pods, nicolae_spider_entry_lesser_pyramids
Lair:3:   layout_chaotic_city, minmay_shoals_entry_beasts,
          nicolae_quartered_pool_little
Lair:4:   layout_long_grid, minmay_slime_entry_jelly_boxes, grunt_megastairs_5,
          uniq_sonja
Lair:5:   hellmonk_lair_end_abyssal_woods, layout_cave_pods, grunt_megastairs_3,
          uniq_josephine
Orc:1:    layout_diamond_mine, serial_shops, nicolae_shop_just_a_little_nook,
          gammafunk_ghost_arena, basic_altar
Orc:2:    st_orc_elflike, layout_diamond_mine, gammafunk_ghost_wrathful_warriors

Skill      XL: |  1  2  3  4  5  6  7  8  9 10 11 12 13 14 15 |
---------------+----------------------------------------------+-----
Conjurations   | 2 3 4 5 6 |  6.0
Air Magic      | 5 6 7 9 11 13 15 16 18 19 20 | 20.3
Spellcasting   | 3 4 5 6 |  6.0
Fighting       | 1 4 6 8 10 11 13 14 15 | 15.1
Shields        | 4 7 |  7.0
Short Blades   | 4 7 10 | 10.0
Dodging        | 3 7 8 |  8.8
Stealth        | |  2.1

Action                     |  1- 3 |  4- 6 |  7- 9 | 10-12 | 13-15 || total
---------------------------+-------+-------+-------+-------+-------++-------
  Melee: Unarmed           |     5 |       |       |       |       ||     5
         Kick              |     3 |       |     6 |    58 |   241 ||   308
         Staff             |       |     2 |    18 |    68 |     9 ||    97
         Peck              |       |       |     5 |    39 |   154 ||   198
         Dagger            |       |       |     3 |    89 |   469 ||   561
   Cast: Shock             |    53 |   119 |   158 |    23 |       ||   353
         Static Discharge  |     6 |     7 |    26 |    83 |    98 ||   220
         Airstrike         |       |     3 |    52 |   176 |   326 ||   557
         Swiftness         |       |       |       |       |     1 ||     1
 Invoke: Ancestor Identity |       |       |       |     1 |       ||     1
         Ancestor Life: He |       |       |       |     1 |       ||     1
         Recall Ancestor   |       |       |       |     1 |     3 ||     4
  Evoke: Wand              |       |       |       |     4 |     1 ||     5
    Use: Scroll            |       |       |     5 |     8 |     7 ||    20
         Potion            |       |       |       |       |     1 ||     1
   Stab: Paralysed         |       |       |       |     4 |     6 ||    10
         Confused          |       |       |       |     1 |     3 ||     4
         Distracted        |       |       |       |       |     7 ||     7
         Sleeping          |       |       |       |       |     3 ||     3
 Armour: Robe              |     3 |     5 |    11 |    54 |   161 ||   234
  Dodge: Dodged            |     6 |     9 |    41 |   144 |   335 ||   535
  Block: Buckler           |       |       |    14 |    79 |   123 ||   216
